 Dungeon Crawl Stone Soup version 0.30.1-9-gdf580d7c3d (webtiles) character file.

Game seed: 16640649402762326035

65 Gabide the Shooter (level 3, -1/30 HPs)
             Began as a Demigod Hunter on Oct 24, 2023.
             Slain by a cerulean imp
             ... wielding a +0 spear
             ... summoned by Natasha
              (3 damage)
             ... on level 2 of the Dungeon.
             The game lasted 00:01:15 (583 turns).

Gabide the Shooter (Demigod Hunter)                  Turns: 583, Time: 00:01:15

Health: -1/30      AC:  4    Str: 12    XL:     3   Next: 66%
Magic:  5/5        EV: 13    Int: 11    God:
Gold:   106        SH:  0    Dex: 21    Spells: 2/2 levels left

rFire   . . .        a - +0 shortbow
rCold   . . .        (shield currently unavailable)
rNeg    . . .        c - +0 leather armour
rPois   .            (no helmet)
rElec   .            (no cloak)
rCorr   +            (no gloves)
SInv    .            d - +0 pair of boots
Will    .....        (no amulet)
Stlth   ++           f - ring of resist corrosion
HPRegen 0.25/turn    (no ring)
MPRegen 0.09/turn

%: no passive effects
@: on berserk cooldown, flying, slowed, very slow
A: high MP 1, forlorn, divine attributes
a: no special abilities


You were on level 2 of the Dungeon.
You visited 1 branch of the dungeon, and saw 2 of its levels.

You collected 106 gold pieces.

Inventory:

Hand Weapons
 a - a +0 shortbow (weapon)
Armour
 c - a +0 leather armour (worn)
 d - a +0 pair of boots (worn)
Jewellery
 f - a ring of resist corrosion (left hand)
Scrolls
 b - a scroll of immolation
 i - a scroll of magic mapping {unknown}
 j - a scroll of identify {unknown}
Potions
 h - a potion of flight


   Skills:
 + Level 2.6 Fighting
 + Level 4.1 Ranged Weapons
 + Level 2.6 Dodging
 - Level 1.0 Stealth


You had 2 spell levels left.
You didn't know any spells.
Your spell library was empty.

Dungeon Overview and Level Annotations

Branches:
Dungeon (2/15)

Annotations:
D:2 Natasha


Innate Abilities, Weirdness & Mutations

You have an increased reservoir of magic. (+10% MP)
You shall have no god before yourself.
Your divine heritage dramatically boosts your attributes as you level up.


Message History

You feel yourself slow down.
The cerulean imp hits you from afar with a +0 spear.
Natasha claws you but does no damage. The cerulean imp closely misses you.
Unknown command.
It was a potion of flight.
You feel very buoyant.
You fly up into the air.
Natasha claws you.
The cerulean imp hits you from afar with a +0 spear.
It was a potion of berserk rage.
A red film seems to cover your vision as you go berserk!
You feel yourself moving faster!
You feel mighty! Natasha claws you.
The cerulean imp hits you from afar with a +0 spear.
* * * LOW HITPOINT WARNING * * *
Natasha casts a spell at you.
You feel as though you will be slow longer.
The cerulean imp misses you. Natasha attacks as you move away!
Natasha claws you.
* * * LOW HITPOINT WARNING * * *
You feel a strong urge to attack something.
Natasha hisses.
Natasha attacks as you move away! Natasha claws you.
* * * LOW HITPOINT WARNING * * *
Natasha casts a spell at you. The magic dart hits you.
* * * LOW HITPOINT WARNING * * *
You feel your anger nearly subside.
You are no longer berserk.
You are exhausted.
You feel as though you will be slow longer.
Aiming: Polymorph
Press: ? - help, Shift-Dir - straight line, f/p - Natasha
Aim: Natasha (will become a hobgoblin, an acid dragon, or a killer bee, chance to affect: 49%) Natasha evaporates and reforms as an acid dragon!
Unknown command.
Aiming: Polymorph
Press: ? - help, Shift-Dir - straight line, f/p - Natasha
Aim: Natasha the acid dragon (will become a swamp dragon, a steam dragon, or a fire bat, chance to affect: 49%) Natasha resists with some effort.
The now-empty wand crumbles to dust.
Natasha closely misses you. Natasha barely misses you.
The cerulean imp hits you from afar with a +0 spear.
You die...

### †. ##..
###########
.#.
#..(......#
..
#[#######.#
.# #.#
#@####.#
#.#
#.D5B..#
#.#
########
#.# #.# #.#
#.# #.###
#...#


You could see Natasha the acid dragon, a cerulean imp (summoned) and a giant
cockroach.

Vanquished Creatures
  Jessica (D:2)
  An adder (D:2)
  A dart slug (D:1)
  3 bats (D:1)
  An endoplasm (D:1)
  A giant cockroach (D:1)
  A goblin (D:1)
  4 hobgoblins (D:1)
  3 jackals (D:2)
  5 ball pythons
  2 frilled lizards (D:1)
  2 kobolds (D:1)
  4 rats
29 creatures vanquished.

Notes
Turn   | Place    | Note
-------+----------+-------------------------------------------
     0 | D:1      | Gabide the Demigod Hunter began the quest for the Orb.
     0 | D:1      | Reached XP level 1. HP: 17/17 MP: 3/3
    64 | D:1      | Reached skill level 1 in Stealth
   152 | D:1      | Reached XP level 2. HP: 24/24 MP: 4/4
   435 | D:2      | Noticed Jessica
   441 | D:2      | Killed Jessica
   442 | D:2      | Reached skill level 4 in Ranged Weapons
   442 | D:2      | Reached XP level 3. HP: 30/30 MP: 5/5
   571 | D:2      | Noticed Natasha
   580 | D:2      | HP: 1/45 [Natasha/magic dart (6)]
   582 | D:2      | Natasha changed into Natasha the acid dragon
   582 | D:2      | Noticed Natasha
   583 | D:2      | Slain by a cerulean imp

Illustrated notes

Levels and vault maps discovered:
D:1:      minmay_arrival_wavy_path, layout_rooms, hangedman_decor_riveting
D:2:      layout_loops_ring, basic_altar, uniq_jessica, uniq_natasha

Skill      XL: |  1  2 |
---------------+-------+-----
Stealth        | 1 |  1.0
Dodging        | 2 |  2.6
Fighting       | 2 |  2.6
Ranged Weapons | 4 |  4.1

Action                     || total
---------------------------++-------
   Fire: Shortbow          ||    65
  Evoke: Wand              ||     2
    Use: Scroll            ||     1
         Potion            ||     2
 Armour: Leather armour    ||    12
  Dodge: Dodged            ||    20
